 Dungeon Crawl Stone Soup version 0.26.0-10-g1f06aea511 (webtiles) character file.

Game seed: 13385329570503115211

95 theswoord the Slasher (level 4, 0/52 HPs)
             Began as a Demonspawn Monk on Jan 14, 2021.
             Succumbed to an adder's poison
             ... on level 2 of the Dungeon.
             The game lasted 00:01:22 (1794 turns).

theswoord the Slasher (Demonspawn Monk)             Turns: 1794, Time: 00:01:23

Health: 0/52       AC: 12    Str: 13    XL:     4   Next: 40%
Magic:  0/4        EV:  6    Int: 11    God:
Gold:   75         SH:  0    Dex: 15    Spells: 3/3 levels left

rFire    . . .     SeeInvis .   a - +0 falchion
rCold    . . .     Faith    .   (no shield)
rNeg     . . .     Spirit   +   l - +0 chain mail (curse)
rPois    .         Reflect  .   (no helmet)
rElec    .         Harm     .   (no cloak)
rCorr    .         Rampage  .   (no gloves)
Will     .....                  (no boots)
Stlth    ..........             (no amulet)
HPRegen  0.17/turn              (no ring)
MPRegen  0.09/turn              (no ring)

@: berserking, lethally poisoned (0 -> -10), attractive, hasted, very quick
A: iridescent scales 2, magic shield
a: no special abilities


You were on level 2 of the Dungeon.
You visited 1 branch of the dungeon, and saw 2 of its levels.

You collected 75 gold pieces.

Inventory:

Hand Weapons
 a - a +0 falchion (weapon)
Armour
 b - a +0 robe
 l - a cursed +0 chain mail (worn)
Jewellery
 h - a +6 ring of intelligence {unknown}
Scrolls
 e - a scroll of immolation {unknown}
 i - a scroll of teleportation {unknown}
 j - 2 scrolls of identify {unknown}
 k - 2 scrolls of enchant weapon {unknown}
 m - a scroll of fog {unknown}
Potions
 c - a potion of attraction
 g - a potion of degeneration {unknown}
 n - 3 potions of lignification {unknown}
 o - 2 potions of magic {unknown}
 p - a potion of curing {unknown}


   Skills:
 - Level 3.0 Fighting
 + Level 4.8 Long Blades
 - Level 2.6 Dodging
 - Level 1.7 Stealth


You had 3 spell levels left.
You didn't know any spells.
Your spell library was empty.

Dungeon Overview and Level Annotations

Branches:
Dungeon (2/15)

Altars:

Annotations:
D:2 Sigmund


Innate Abilities, Weirdness & Mutations

You are mostly covered in iridescent scales. (AC +4)
When hurt, damage is shared between your health and your magic reserves.


Message History

You closely miss Sigmund.
Sigmund is severely wounded.
* * * LOW HITPOINT WARNING * * *
You feel sick. Sigmund hits you but does no damage.
The adder bites you but does no damage.
It was a potion of berserk rage.
A red film seems to cover your vision as you go berserk!
You feel yourself moving faster!
You feel mighty!
* * * LOW HITPOINT WARNING * * *
You feel sick. Sigmund hits you but does no damage.
The adder completely misses you.
You riposte.
You slice the adder!!
You kill the adder!
You hit Sigmund but do no damage.
Sigmund is severely wounded.
* * * LOW HITPOINT WARNING * * *
You feel sick. The worm bites you.
* * * LOW HITPOINT WARNING * * *
You closely miss Sigmund.
Sigmund is severely wounded.
You die...

#..#..#...
......>.####'###'####
.###.#.....#..'.....'†.#
..........#..#.....#..#
.........####.....####
..##.......# #.^...#..#
.........# #.....#..#
#.@†w#.#+####'####'#
#.#..@.#..............
#.....................
###.###.#.............
#. #..#'####'####'# #
##.#†.#.....#..#
###..#.....#..#
####.....####
#..#.....#..#
#..'.....'..#


You could see Sigmund (fast) and a worm.

Vanquished Creatures
  3 gnolls (D:2)
  4 adders (D:2)
  A worm (D:2)
  A dart slug (D:1)
  2 giant cockroaches
  2 goblins (D:1)
  2 hobgoblins (D:1)
  2 jackals (D:1)
  6 ball pythons
  2 bats (D:1)
  2 kobolds (D:1)
  3 rats
30 creatures vanquished.

Notes
Turn   | Place    | Note
-------+----------+-------------------------------------------
     0 | D:1      | theswoord the Demonspawn Monk began the quest for the Orb.
     0 | D:1      | Reached XP level 1. HP: 18/18 MP: 1/1
    68 | D:1      | Reached skill level 3 in Long Blades
   188 | D:1      | Gained mutation: When hurt, damage is shared between your
                  | health and your magic reserves. [demonic ancestry]
   188 | D:1      | Reached XP level 2. HP: 23/24 MP: 2/2
  1071 | D:2      | Reached skill level 4 in Long Blades
  1071 | D:2      | Gained mutation: You are partially covered in iridescent
                  | scales. (AC +2) [demonic ancestry]
  1071 | D:2      | Reached XP level 3. HP: 25/29 MP: 3/3
  1401 | D:2      | Gained mutation: You are mostly covered in iridescent
                  | scales. (AC +4) [demonic ancestry]
  1401 | D:2      | Reached XP level 4. HP: 8/35 MP: 1/4
  1773 | D:2      | Noticed Sigmund
  1793 | D:2      | HP: 2/52 [poisoned by an adder]
  1794 | D:2      | Succumbed to an adder's poison

Skill      XL: |  1  2 |
---------------+-------+-----
Long Blades    | 3 4 |  4.8
Fighting       | |  3.0
Dodging        | |  2.6
Stealth        | |  1.7

Action                   |  1- 3 |  4- 6 || total
-------------------------+-------+-------++-------
Melee: Falchion          |   119 |    34 ||   153
  Use: Potion            |       |     3 ||     3
 Stab: Sleeping          |     1 |       ||     1
Armor: Chain mail        |    57 |    24 ||    81
       Robe              |     4 |       ||     4
Dodge: Dodged            |    45 |    16 ||    61
       Rpst.: Falchion   |    17 |     8 ||    25

Levels and vault maps discovered:
D:1:      amcnicky_arrival_double_pillar, layout_loops_cross
D:2:      layout_rooms, minmay_snake_closets, uniq_sigmund
